 Dungeon Crawl Stone Soup version 0.29-a0-1043-g569b05d6ff (webtiles) character file.

Game seed: 3300870372738596516

396 nicolae the Changer (level 6, -7/43 HPs)
             Began as a Demonspawn Transmuter on Aug 15, 2022.
             Mangled by a centaur
             ... wielding a +0 trident
              (8 damage)
             ... on level 5 of the Dungeon.
             The game lasted 00:07:29 (6025 turns).

nicolae the Changer (Demonspawn Transmuter)         Turns: 6025, Time: 00:07:30

Health: -7/43      AC:  2    Str: 11    XL:     6   Next: 52%
Magic:  9/9        EV: 12    Int: 16    God:
Gold:   231        SH:  5    Dex: 13    Spells: 3/9 levels left

rFire   . . .      SeeInvis .     - Unarmed
rCold   . . .      Faith    .   (no shield)
rNeg    . . .      Spirit   .   n - +0 robe
rPois   .          Reflect  +   (helmet currently unavailable)
rElec   .          Harm     .   (no cloak)
rCorr   .          Rampage  .   (no gloves)
Will    .....                   (boots currently unavailable)
Stlth   +.........              j - amulet of reflection
HPRegen 0.14/turn               (no ring)
MPRegen 0.11/turn               (no ring)

@: mighty, appendages
A: talons 2, horns 2, foul stench 1, sturdy frame 1
a: End Transformation


You were on level 5 of the Dungeon.
You had temporarily grown beastly talons.
You visited 1 branch of the dungeon, and saw 5 of its levels.

You collected 231 gold pieces.

Inventory:

Hand Weapons
 a - a +0 short sword of electrocution
Armour
 f - a +0 pair of boots (melded)
 n - a +0 robe (worn)
Jewellery
 j - an amulet of reflection (around neck)
Scrolls
 c - a scroll of noise {unknown}
 d - a scroll of magic mapping
 e - a scroll of immolation {unknown}
 g - a scroll of poison
 h - a scroll of torment {unknown}
 l - a scroll of identify {unknown}
 m - a scroll of vulnerability {unknown}
 o - a scroll of teleportation {unknown}
 p - a scroll of amnesia {unknown}
 r - a scroll of fog
Potions
 i - a potion of invisibility {unknown}
 q - a potion of brilliance


   Skills:
 - Level 1.0 Fighting
 - Level 1.7 Dodging
 - Level 2.6 Unarmed Combat
 - Level 2.0 Spellcasting
 - Level 5.0 Transmutations
 + Level 4.2 Poison Magic


You had 3 spell levels left.
You knew the following spells:

 Your Spells              Type           Power      Damage    Failure   Level
a - Beastly Appendage     Tmut           34%        N/A       2%          1
b - Wereblood             Tmut           17%        N/A       4%          2
c - Spider Form           Tmut/Pois      16%        N/A       10%         3

Your spell library contained the following spells:

 Spells                   Type           Power      Damage    Failure   Level
 Ice Form                 Ice/Tmut       9%         N/A       58%         4
 Malign Gateway           Summ/Tloc      0%         N/A       100%        7
 Summon Horrible Things   Summ           0%         N/A       100%        8


Dungeon Overview and Level Annotations

Branches:
Dungeon (5/15)
 Temple: D:4-7

Altars:
Cheibriados
Dithmenos
Makhleb
Nemelex Xobeh
Wu Jian

Annotations:
D:3 3 runed translucent doors, Monkooky's ghost, amateur DsAr


Innate Abilities, Weirdness & Mutations

You have temporarily grown beastly talons.
You have a pair of horns on your head.
You may rarely emit foul miasma when damaged in melee.
Your movements are slightly less encumbered by armour. (ER -2)


Message History

The centaur is lightly wounded.
You block the centaur's attack. The centaur kicks you.
You hit the centaur but do no damage. You claw the centaur.
You headbutt the centaur.
The centaur is lightly wounded.
The centaur barely misses you. The centaur kicks you.
You hit the centaur but do no damage. Your headbutt misses the centaur.
The centaur is lightly wounded.
The centaur misses you. The centaur closely misses you.
You block the centaur's attack. The centaur closely misses you.
You hit the centaur. Your kick misses the centaur.
The centaur is moderately wounded.
The centaur hits you with a +0 trident. The centaur kicks you.
You barely miss the centaur.
The centaur is moderately wounded.
You block the centaur's attack. The centaur kicks you.
The centaur barely misses you. x2
You hit the centaur. You headbutt the centaur.
The centaur is heavily wounded.
You block the centaur's attack.
The centaur kicks you but does no damage.
You hit the centaur but do no damage. You claw the centaur.
You headbutt the centaur.
The centaur is heavily wounded.
The centaur hits you with a +0 trident! The centaur closely misses you.
The centaur barely misses you. The centaur closely misses you.
You hit the centaur. You claw the centaur, but do no damage.
The centaur is severely wounded.
The centaur hits you with a +0 trident!
* * * LOW HITPOINT WARNING * * *
The centaur barely misses you.
It was a potion of might.
You feel very mighty all of a sudden.
The centaur barely misses you. x2; The centaur hits you with a +0 trident.
* * * LOW HITPOINT WARNING * * *
The centaur barely misses you.
You barely miss the centaur.
The centaur is severely wounded.
The centaur hits you with a +0 trident!
You die...

#..# .## #..# ..# #..# ..
#..# .. ###### #..#
.####.# ......####..#
..... ##..........#
######..##
##.......###c###........#
#.........#.#.##@####...#
...........###.c.# ...#
..........#.#.#### ...#
#.....[.###.## ...#
##.....## #... ...#
##...## ##### #..# ##.##
..# #.# ####.#


You could see a centaur.

Vanquished Creatures
  An ogre (D:5)
  A phantom (D:4)
  2 hounds (D:4)
  Robin (D:3)
  4 gnolls (D:4)
  5 adders
  An ufetubus (D:4)
  An orc (D:4)
  12 ball pythons
  7 endoplasms
  A giant cockroach (D:1)
  14 goblins
  5 hobgoblins
  3 jackals (D:3)
  3 quokkas
  4 bats
  4 frilled lizards
  7 kobolds
  9 rats
85 creatures vanquished.

Notes
Turn   | Place    | Note
-------+----------+-------------------------------------------
     0 | D:1      | nicolae the Demonspawn Transmuter began the quest for the
                  | Orb.
     0 | D:1      | Reached XP level 1. HP: 15/15 MP: 3/3
   129 | D:1      | Reached skill level 2 in Transmutations
   342 | D:1      | Gained mutation: You may rarely emit foul miasma when
                  | damaged in melee. [demonic ancestry]
   342 | D:1      | Reached XP level 2. HP: 21/21 MP: 3/5
   345 | D:1      | Learned a level 2 spell: Wereblood
   850 | D:2      | Reached skill level 3 in Transmutations
  1062 | D:2      | Found a faded altar of an unknown god.
  1084 | D:2      | Mutation became permanent: You have a pair of small horns
                  | on your head. [demonic ancestry]
  1084 | D:2      | Gained mutation: You have a pair of horns on your head.
                  | [demonic ancestry]
  1084 | D:2      | Reached XP level 3. HP: 25/26 MP: 4/6
  1088 | D:2      | Learned a level 3 spell: Spider Form
  2409 | D:3      | Found a shadowy altar of Dithmenos.
  2494 | D:3      | Found a runed translucent gate.
  2495 | D:3      | Found a runed translucent gate.
  2495 | D:3      | Found a runed translucent gate.
  2498 | D:3      | Noticed Monkooky's ghost (amateur DsAr)
  2568 | D:3      | Reached XP level 4. HP: 25/32 MP: 7/7
  2671 | D:3      | Noticed Robin
  2680 | D:3      | Reached skill level 4 in Transmutations
  2685 | D:3      | Killed Robin
  2859 | D:3      | Found a snail-covered altar of Cheibriados.
  2873 | D:3      | Found a burning altar of Makhleb.
  2884 | D:3      | Found an ornate altar of the Wu Jian Council.
  3891 | D:4      | Identified the +2 robe of Autumn {-Cast rC+ Will- Dex+5}
  4146 | D:4      | Noticed a phantom
  4159 | D:4      | Killed a phantom
  4160 | D:4      | Reached skill level 5 in Transmutations
  4160 | D:4      | Reached skill level 1 in Poison Magic
  4160 | D:4      | Gained mutation: Your movements are slightly less
                  | encumbered by armour. (ER -2) [demonic ancestry]
  4160 | D:4      | Reached XP level 5. HP: 26/37 MP: 8/8
  4606 | D:4      | Gained mutation: You have a pair of horns on your head.
                  | [demonic ancestry]
  4606 | D:4      | Reached XP level 6. HP: 10/43 MP: 7/9
  5312 | D:4      | Found a sparkling altar of Nemelex Xobeh.
  5516 | D:5      | Entered Level 5 of the Dungeon
  6024 | D:5      | HP: 1/43 [centaur/+0 trident (2)]
  6025 | D:5      | Mangled by a centaur

Illustrated notes

Levels and vault maps discovered:
D:1:      tarquinn_simple_flora_water_f, layout_basic, minmay_misc_feat_hallway,
          amcnicky_mini_pool_small
D:2:      layout_loops_ring, ebering_ecumenical_altar_rust, serial_aquarium,
          aquarium_bridge_square [aquarium_subvault_wall,
          aquarium_subvault_wall, aquarium_subvault_bridge,
          aquarium_subvault_bridge], aquarium_window_2, aquarium_window_corner,
          aquarium_window_2, aquarium_window_fake, aquarium_view_2b,
          aquarium_view_4, nicolae_eternal_life, st_stairs_1
D:3:      layout_loops_ring, grunt_temple_overflow_open,
          gammafunk_ghost_necromancy, kennysheep_donut, uniq_robin
D:4:      layout_loops_ring, mainiacjoe_overflow_small_starburst,
          chequers_serial_rivers_small_3
D:5:      layout_loops_ring

Skill      XL: |  1  2  3  4  5  6 |
---------------+-------------------+-----
Transmutations | 2 3 5 |  5.0
Poison Magic   | 1 3 4 |  4.2
Fighting       | |  1.0
Dodging        | |  1.7
Unarmed Combat | |  2.6
Spellcasting   | |  2.0

Action                   |  1- 3 |  4- 6 || total
-------------------------+-------+-------++-------
Melee: Unarmed           |    75 |   125 ||   200
       Kick              |    16 |    33 ||    49
       Headbutt          |    11 |    24 ||    35
       Punch             |     1 |       ||     1
       Short sword       |    24 |    42 ||    66
 Cast: Beastly Appendage |    27 |    15 ||    42
       Wereblood         |     1 |     2 ||     3
       Spider Form       |       |     2 ||     2
  Use: Scroll            |     1 |     2 ||     3
       Potion            |       |     5 ||     5
 Stab: Sleeping          |     3 |       ||     3
       Distracted        |     1 |       ||     1
Armor: Robe              |    15 |    17 ||    32
Dodge: Dodged            |    55 |   119 ||   174
Block: Other             |    16 |    39 ||    55
       Reflection        |     1 |       ||     1

Table legend: (Time is in decaauts)
 A = Elapsed time spent in this place.
 B = Non-inter-level travel time spent in this place.
 C = Inter-level travel time spent in this place.
 D = Time resting spent in this place.
 E = Time spent auto-exploring this place.
 F = Levels seen in this place.
 G = Mean time per level.
                   A        B        C        D        E       F      G
               +--------+--------+--------+--------+--------+-----+--------+
         Total |   6022 |   5909 |    113 |   1952 |   3256 |   5 | 1204.4 |
       Dungeon |   6022 |   5909 |    113 |   1952 |   3256 |   5 | 1204.4 |
               +--------+--------+--------+--------+--------+-----+--------+

Top non-repeatable levels by time:
     D:4: 2033 daAuts
     D:2: 1414 daAuts
     D:3: 1224 daAuts
     D:1: 841 daAuts
     D:5: 508 daAuts
